 Dungeon Crawl Stone Soup version 0.25-a0-697-g890751e744 (webtiles) character file.

Game seed: 16111163972425476723, levelgen mode: deterministic

865 Aggronaut the Cleaver (level 7, -6/57 HPs)
             Began as a Purple Draconian Berserker on Apr 1, 2020.
             Was a Priest of Trog.
             Mangled by a gnoll
             ... wielding a +0 spear of electrocution
              (16 damage)
             ... on level 4 of the Dungeon.
             The game lasted 00:08:43 (3594 turns).

Aggronaut the Cleaver (Purple Draconian Berserker)  Turns: 3594, Time: 00:08:44

Health: -6/57      AC:  6    Str: 21    XL:     7   Next: 72%
Magic:  7/7        EV: 12    Int: 10    God:    Trog [***...]
Gold:   140        SH:  4    Dex: 11    Spells: 6/6 levels left

rFire    . . .     SeeInvis .   a - +0 hand axe
rCold    . . .     Gourm    .   c - +0 buckler
rNeg     . . .     Faith    .   (armour unavailable)
rPois    .         Spirit   .   t - +0 hat
rElec    .         Reflect  .   (no cloak)
rCorr    .         Harm     .   (no gloves)
MR       +....                  (no boots)
Stlth    +.........             (no amulet)
HPRegen  0.19/turn              g - +3 ring of intelligence
MPRegen  0.10/turn              (no ring)

@: lethally poisoned (-6 -> -17)
A: breathe power, unfitting armour, cold-blooded, AC +6
a: Breathe Dispelling Energy, Berserk, Trog's Hand, Renounce Religion


You were on level 4 of the Dungeon.
You worshipped Trog.
Trog was most pleased with you.
You were not hungry.

You visited 1 branch of the dungeon, and saw 4 of its levels.

You collected 140 gold pieces.

Inventory:

Hand Weapons
 a - a +0 hand axe (weapon)
 p - a +1 vorpal hand axe
Missiles
 i - 3 curare-tipped darts (quivered)
Armour
 c - a +0 buckler (worn)
 t - a +0 hat (worn)
Jewellery
 g - a +3 ring of intelligence (left hand)
 r - an uncursed ring of ice {unknown}
Wands
 o - a wand of scattershot (4)
Scrolls
 e - 3 scrolls of teleportation {unknown}
 f - a scroll of blinking {unknown}
 h - a scroll of amnesia {unknown}
 k - a scroll of magic mapping {unknown}
 q - a scroll of remove curse {unknown}
Potions
 d - a potion of lignification
 j - a potion of flight
 l - a potion of ambrosia
 m - a potion of mutation
 n - a potion of haste
 s - 2 potions of brilliance {unknown}
 u - a potion of magic {unknown}
Comestibles
 b - 10 rations


   Skills:
 - Level 3.2 Fighting
 + Level 8.3 Axes
 - Level 2.6 Dodging
 - Level 4.0 Shields


You had 6 spell levels left.
You didn't know any spells.
Your spell library was empty.

Dungeon Overview and Level Annotations

Branches:
Dungeon (4/15)
 Temple: D:4-7

Altars:
Uskayaw
Beogh

Annotations:
D:4 1 transporter, Duffy's ghost, amateur NaGl


Innate Abilities, Weirdness & Mutations

You can breathe bolts of dispelling energy.
Your rich purple scales are hard. (AC +6)
You cannot fit into any form of body armour.
You are cold-blooded and may be slowed by cold attacks.


Message History

The gnoll is lightly wounded.
You hit the plant but do no damage.
You feel sick. You block the gnoll's attack.
You slash the gnoll!
The gnoll is severely wounded.
You barely miss the gnoll. You hit the plant but do no damage.
You feel sick. The gnoll hits you but does no damage.
The gnoll closely misses you.
You slash the gnoll!
You kill the gnoll!
Trog accepts your kill.
You barely miss the gnoll. You hit the plant but do no damage.
You feel sick. The gnoll closely misses you.
The gnoll hits you from afar with a +0 spear of electrocution.
You are electrocuted!
You feel sick.
The gnoll hits something but does no damage.
The gnoll hits you from afar with a +0 spear of electrocution!
* * * LOW HITPOINT WARNING * * *
You are electrocuted!
You die...

#.≈≈#####...........#####≈≈....
#.≈≈#.#.#.###.©.###.#.#.#≈≈....
#.≈≈#...###.#####.###...#≈≈....
#.≈≈###...............###≈≈....
#.≈≈.8#.##'###+######.#8.≈≈....
#.≈≈.##.#P.P#P.8# .$#.##.≈≈....
#.≈≈.#..'..gg.©⌠# $'.g#.≈≈..#.
#.≈≈.##.#P.P#Pg8# #.##.≈≈..#.
#.≈≈.8#.##'###@######.#8.≈≈.##.
#.≈≈###...............###≈≈..+.
#.≈≈#...###.#####©###...#≈≈..#.
#.≈≈#.#.#.###.©.###.#.#.#≈≈..#.
#.≈≈#####...........#####≈≈..##
#.≈≈≈≈≈≈≈≈≈≈≈≈≈≈≈≈≈≈≈≈≈≈≈≈≈..#
#.≈≈≈≈≈≈≈≈≈≈≈≈≈≈≈≈≈≈≈≈≈≈≈≈≈..#
#............................#
#.#.##..#############.#...##.#


You could see 3 gnolls.

Vanquished Creatures
  Grinder (D:4)
  The ghost of DerDa the Firebug, an amateur DsFE of Kikubaaqudgha (D:3)
  Duvessa (D:4)
  Dowan (D:4)
  A hound (D:3)
  An orc wizard (D:4)
  Jessica (D:2)
  2 worker ants (D:4)
  2 gnolls (D:4)
  8 adders
  2 oozes
  3 worms
  2 dart slugs
  3 leopard geckos
  14 orcs
  5 bats
  5 giant cockroaches
  5 goblins
  6 hobgoblins
  12 jackals
  6 kobolds
  4 quokkas
  6 frilled lizards
  A jackal skeleton (D:4)
  3 rats
96 creatures vanquished.

Notes
Turn   | Place    | Note
-------+----------+-------------------------------------------
     0 | D:1      | Aggronaut the Draconian Berserker began the quest for the
                  | Orb.
     0 | D:1      | Reached XP level 1. HP: 19/19 MP: 1/1
   127 | D:1      | Reached XP level 2. HP: 21/26 MP: 2/2
   622 | D:1      | Reached skill level 4 in Axes
   831 | D:2      | Noticed Jessica
   842 | D:2      | Killed Jessica
   842 | D:2      | Reached XP level 3. HP: 28/31 MP: 3/3
   885 | D:2      | Found a hide-covered altar of Uskayaw,
   890 | D:2      | Reached ** piety under Trog
   918 | D:2      | Reached XP level 4. HP: 38/38 MP: 4/4
  1014 | D:2      | Reached skill level 5 in Axes
  1641 | D:3      | Reached XP level 5. HP: 21/45 MP: 5/5
  1810 | D:3      | Found a runed translucent gate,
  1923 | D:3      | Reached skill level 6 in Axes
  2173 | D:3      | Found a runed translucent gate,
  2174 | D:3      | Found a runed translucent gate,
  2174 | D:3      | Identified the +7 dagger of Fate {freeze, rF++ Str-3}
  2174 | D:3      | Identified the +5 ring mail of the Loofah {+Inv Stlth+}
  2174 | D:3      | Noticed DerDa's ghost (amateur DsFE)
  2448 | D:3      | Found a roughly hewn altar of Beogh,
  2477 | D:3      | Reached *** piety under Trog
  2489 | D:3      | Killed DerDa's ghost
  2489 | D:3      | Reached XP level 6. HP: 38/51 MP: 6/6
  2881 | D:4      | Reached skill level 7 in Axes
  2968 | D:4      | Noticed Grinder
  2991 | D:4      | Killed Grinder
  2991 | D:4      | Your scales start taking on a rich purple colour.
  2991 | D:4      | Reached XP level 7. HP: 46/57 MP: 7/7
  3131 | D:4      | Noticed Dowan
  3132 | D:4      | Noticed Duvessa
  3154 | D:4      | Killed Duvessa
  3172 | D:4      | Killed Dowan
  3172 | D:4      | Reached skill level 8 in Axes
  3470 | D:4      | Found a transporter,
  3536 | D:4      | Found a transporter,
  3559 | D:4      | Noticed Duffy's ghost (amateur NaGl)
  3594 | D:4      | Mangled by a gnoll

Levels and vault maps discovered:
D:1:      mrwooster_arrival_statue_2, layout_loops_corners
D:2:      layout_rooms, lemuel_doored_altar, first_ration,
          chequers_serial_rivers_micro_c, uniq_jessica
D:3:      layout_basic, biasface_ghost_orc_armoury, minmay_crystal_room,
          hangedman_glass_teeth
D:4:      layout_basic, gammafunk_ghost_gnarly_gnolls, chequers_jeans,
          uniq_duvessa, uniq_grinder

Skill      XL: |  1  2  3  4  5  6  7 |
---------------+----------------------+-----
Axes           | 4 5 6 7 8 |  8.3
Shields        | 2 3 4 |  4.0
Fighting       | |  3.2
Dodging        | |  2.6

Action                   |  1- 3 |  4- 6 |  7- 9 || total
-------------------------+-------+-------+-------++-------
Melee: Hand axe          |    56 |   249 |    93 ||   398
       Tailslap          |     4 |    41 |    10 ||    55
Invok: Berserk           |       |     1 |     1 ||     2
       Trog's Hand       |       |     2 |       ||     2
  Use: Potion            |       |     1 |       ||     1
       Scroll            |       |     4 |       ||     4
 Stab: Sleeping          |     1 |       |       ||     1
  Eat: Chunk             |       |     8 |       ||     8
       Ration            |       |       |     1 ||     1
Armor: Skin              |    19 |    66 |    36 ||   121
Dodge: Dodged            |    48 |   154 |    53 ||   255
Block: Buckler           |       |    17 |    21 ||    38

Table legend:
 A = Non-vault XP
 B = Vault XP
 C = Vault XP percentage of total XP
 D = Non-vault monster count
 E = Vault monster count
 F = Vault count percentage of total count
                 A         B        C        D         E       F
            +---------+---------+-------+---------+---------+-------
      Total |     411 |     826 |  66.8 |      80 |      16 |  16.7
            +---------+---------+-------+---------+---------+-------
        D:1 |      39 |       0 |   0.0 |      17 |       0 |   0.0
        D:2 |      85 |      37 |  30.3 |      22 |       1 |   4.3
        D:3 |     131 |     282 |  68.3 |      24 |      10 |  29.4
        D:4 |     156 |     507 |  76.5 |      17 |       5 |  22.7
            +---------+---------+-------+---------+---------+-------
